 Seeded DCSS version 0.28-a0-1613-gdaab1c2f9b (webtiles) character file.

Game seed: 11 (custom seed)

7 knot the Chopper (level 1, -5/18 HPs)
             Began as a Demonspawn Berserker on Jan 21, 2022.
             Was a Follower of Trog.
             Slain by a kobold (16 damage)
             ... on level 1 of the Dungeon.
             The game lasted 00:00:21 (73 turns).

knot the Chopper (Demonspawn Berserker)               Turns: 73, Time: 00:00:21

Health: -5/18      AC:  2    Str: 17    XL:     1   Next: 91%
Magic:  1/1        EV: 12    Int:  8    God:    Trog [*.....]
Gold:   7          SH:  0    Dex: 12    Spells: 0/0 levels left

rFire   . . .      SeeInvis .   a - +0 hand axe
rCold   . . .      Faith    .   (no shield)
rNeg    . . .      Spirit   .   b - +0 animal skin
rPois   .          Reflect  .   (no helmet)
rElec   .          Harm     .   (no cloak)
rCorr   .          Rampage  .   (no gloves)
Will    .....                   (no boots)
Stlth   +.........              (no amulet)
HPRegen 0.06/turn               (no ring)
MPRegen 0.07/turn               (no ring)

@: on berserk cooldown, slowed, very slow
A: no striking features
a: Renounce Religion, Berserk


You were on level 1 of the Dungeon.
You worshipped Trog.
Trog was aware of your devotion.
You visited 1 branch of the dungeon, and saw 1 of its levels.

You collected 7 gold pieces.

Inventory:

Hand Weapons
 a - a +0 hand axe (weapon)
Armour
 b - a +0 animal skin (worn)
Potions
 c - a potion of brilliance {unknown}


   Skills:
 - Level 3.0 Fighting
 + Level 3.2 Axes
 - Level 1.7 Armour
 - Level 1.7 Dodging


You couldn't memorise any spells.
You didn't know any spells.
Your spell library was empty.

Dungeon Overview and Level Annotations

Branches:
Dungeon (1/15)

Altars:


Message History

Your Axes skill increases to level 3!
You hit the kobold.
You kill the kobold!
Trog accepts your kill.
You barely miss the ball python. The ball python closely misses you.
The ball python completely misses you.
The kobold throws a stone.
The stone barely misses you.
You barely miss the ball python. The ball python bites you.
The ball python closely misses you.
You barely miss the ball python. The ball python misses you.
The ball python barely misses you.
You slash the ball python!
You kill the ball python!
Trog accepts your kill.
You slash the kobold!
You kill the kobold!
Trog accepts your kill.
No target in view!
You start resting.
You feel a strong urge to attack something.
You start resting.
You feel your anger nearly subside.
You are no longer berserk.
You are exhausted.
You feel yourself slow down.
You start resting.
A kobold is nearby!
A kobold is nearby!
The kobold throws a stone.
The stone hits you but does no damage.
The kobold throws a stone.
The stone barely misses you.
Things that are here:
a +0 club; a bat corpse
Found 2 gold pieces.
Found a stone staircase leading down.
Found 17 stones.
You barely miss the kobold. The kobold closely misses you.
The kobold hits you with a +1 dagger of electrocution.
You closely miss the kobold. The kobold closely misses you.
You hit the kobold but do no damage. The kobold closely misses you.
The kobold hits you but does no damage.
You are electrocuted!
Ouch! That really hurt!
You die...

.>.....#..........#
.......#........$.#
....).............#
.......#........>.#
......))).K.......#
####.#.####......#
#.#.#.........#
#.#.#K##.....(#
#######..K#@#########
# ...................
##.#.#####.###........
#^...#####.###........
#.............>.....
#..##'##############
#...###...###...#
#.8.....8.....8.#
#...###...###...#


You could see a kobold.

Vanquished Creatures
  An endoplasm (D:1)
  A goblin (D:1)
  2 ball pythons (D:1)
  A bat (D:1)
  3 kobolds (D:1)
8 creatures vanquished.

Notes
Turn   | Place    | Note
-------+----------+-------------------------------------------
     0 | D:1      | knot the Demonspawn Berserker began the quest for the Orb.
     0 | D:1      | Reached XP level 1. HP: 18/18 MP: 1/1
    73 | D:1      | Slain by a kobold

Illustrated notes

Levels and vault maps discovered:
D:1:      minmay_arrival_nine_rooms, layout_rooms, basic_ecumenical_altar

Skill      XL: |  1 |
---------------+----+-----
Axes           | 3 |  3.2
Fighting       | |  3.0
Armour         | |  1.7
Dodging        | |  1.7

Action                   || total
-------------------------++-------
Melee: Hand axe          ||    13
Invok: Berserk           ||     1
Armor: Animal skin       ||     4
Dodge: Dodged            ||    16

Table legend: (Time is in decaauts)
 A = Elapsed time spent in this place.
 B = Non-inter-level travel time spent in this place.
 C = Inter-level travel time spent in this place.
 D = Time resting spent in this place.
 E = Time spent auto-exploring this place.
 F = Levels seen in this place.
 G = Mean time per level.
                   A        B        C        D        E       F      G
               +--------+--------+--------+--------+--------+-----+--------+
         Total |     77 |     77 |      0 |      5 |     35 |   1 |   77.0 |
       Dungeon |     77 |     77 |      0 |      5 |     35 |   1 |   77.0 |
               +--------+--------+--------+--------+--------+-----+--------+

Top non-repeatable levels by time:
     D:1: 77 daAuts
